 Dungeon Crawl Stone Soup version 0.32-a0-131-g9dbbe29261 (webtiles) character file.

Game seed: 4469241570723084579

84 Ceno the Chiller (level 4, 0/36 HPs)
             Began as a Naga Ice Elementalist on Feb 9, 2024.
             Killed from afar by Ijyb (16 damage)
             ... with an iceblast
             ... on level 3 of the Dungeon.
             The game lasted 00:06:39 (2207 turns).

Ceno the Chiller (Naga Ice Elementalist)            Turns: 2207, Time: 00:06:39

Health: 0/36       AC:  4    Str: 11    XL:     4   Next: 45%
Magic:  8/8        EV:  8    Int: 17    God:
Gold:   89         SH:  0    Dex: 11    Spells: 1/8 levels left

rFire   . . .        f - +0 spear
rCold   . . .        (no shield)
rNeg    . . .        d - +0 ring mail
rPois   +            i - +0 helmet
rElec   .            (no cloak)
rCorr   .            (no gloves)
SInv    +            (no barding)
Will    .....        (no amulet)
Stlth   ++           (no ring)
HPRegen 0.26/turn    (no ring)
MPRegen 0.11/turn

%: no passive effects
@: very slow
A: AC +1, large, see invisible, deformed body, poison resistance, slowness 2,
spit poison 1, naga tail 1
a: Spit Poison


You were on level 3 of the Dungeon.
You visited 1 branch of the dungeon, and saw 3 of its levels.

You collected 89 gold pieces.

Inventory:

Hand Weapons
 f - a +0 spear (weapon)
Missiles
 c - 58 stones (quivered)
Armour
 a - a +0 robe
 d - a +0 ring mail (worn)
 g - a +0 buckler
 i - a +0 helmet (worn)
Jewellery
 m - a ring of magical power
Scrolls
 h - 3 scrolls of fog {unknown}
 j - 4 scrolls of blinking {unknown}
 l - 2 scrolls of identify {unknown}
 n - a scroll of immolation {unknown}
 p - a scroll of butterflies {unknown}
 q - a scroll of teleportation {unknown}
 s - 3 scrolls of enchant weapon {unknown}
Potions
 b - a potion of magic
 e - a potion of attraction {unknown}
 k - a potion of invisibility {unknown}
 o - a potion of degeneration {unknown}
 r - a potion of enlightenment {unknown}


   Skills:
 - Level 1.5 Dodging
 + Level 4.3 Stealth
 + Level 2.7 Spellcasting
 * Level 5.0 Ice Magic


You had one spell level left.
You knew the following spells:

 Your Spells              Type           Power      Damage    Failure   Level
a - Freeze                Ice            76%        1d8       5%          1
b - Frozen Ramparts       Ice            38%        1d6       17%         3
c - Ozocubu's Armour      Ice            19%        N/A       17%         3

Your spell library contained the following spells:

 Spells                   Type           Power      Damage    Failure   Level
 Slow                     Hex            8%         N/A       41%         1
 Summon Ice Beast         Ice/Summ       10%        N/A       43%         3
 Confusing Touch          Hex            2%         N/A       78%         3
 Sigil of Binding         Hex            2%         N/A       78%         3
 Vampiric Draining        Necr           2%         2d6       78%         3


Dungeon Overview and Level Annotations

Branches:
Dungeon (3/15)

Altars:

Annotations:
D:3 Ijyb


Innate Abilities, Weirdness & Mutations

Your serpentine skin is tough. (AC +1)
You have supernaturally acute eyesight. (SInv)
Armour fits poorly on your strangely shaped body.
Your system is resistant to poisons. (rPois)
You cover ground very slowly.
You can spit poison.
You have a snake-like lower body.


Message History

Your magical contamination has completely faded away.
You see here a giant cockroach corpse.
There is a stone staircase leading down here.
A bat comes into view.
You reach to attack!
The helpless bat fails to defend itself.
You hit the bat.
The bat is moderately wounded.
The bat hits you but does no damage.
You reach to attack!
You hit the bat but do no damage.
The bat is moderately wounded.
The bat barely misses you.
You reach to attack!
You miss the bat.
The bat is moderately wounded.
The bat hits you but does no damage.
You reach to attack!
You hit the bat.
You kill the bat!
Found a hand axe.
Found a stone staircase leading down.
There is a stone staircase leading down here.
There is a stone staircase leading down here.
A giant cockroach comes into view.
The giant cockroach moves out of view.
Ijyb the Inquisitive comes into view.
She is wielding a +0 club and carrying a wand of iceblast.
Ijyb shouts!
Aiming: Spit Poison (1% risk of failure)
Press: ? - help, Shift-Dir - straight line, f - Ijyb
Aim: Ijyb, wielding a +0 club, wearing a +0 scale mail and carrying a wand of iceblast (54% to hit)
The splash of poison hits Ijyb.
Ijyb is poisoned.
Ijyb is lightly wounded.
Ijyb zaps a wand.
The mass of ice explodes!
The iceblast engulfs you!
You have got your breath back.
Ijyb zaps a wand.
The mass of ice explodes!
The iceblast engulfs the giant cockroach!
The giant cockroach dies!
The iceblast engulfs you!
Ijyb looks more healthy.
Ijyb zaps a wand.
The mass of ice explodes!
The iceblast engulfs you!
You die...
Ijyb screams, "Time for next experiment!"

.
....#########################
....)...g....@.....>........#
....###############.######.##
. ##..# #.# ####..#######.#
#.............#
#####..########### #........#
#.#....#.# #.#....#.#


You could see Ijyb.

Vanquished Creatures
  An adder (D:3)
  2 ribbon worms
  6 ball pythons
  6 bats
  7 endoplasms
  6 giant cockroaches
  4 goblins
  2 hobgoblins
  9 jackals
  A quokka (D:1)
  4 frilled lizards
  6 kobolds
  8 rats
62 creatures vanquished.

Vanquished Creatures (others)
  A giant cockroach (D:3)
1 creature vanquished.

Grand Total: 63 creatures vanquished

Notes
Turn   | Place    | Note
-------+----------+-------------------------------------------
     0 | D:1      | Ceno the Naga Ice Elementalist began the quest for the Orb.
     0 | D:1      | Reached XP level 1. HP: 15/15 MP: 3/3
   194 | D:1      | Reached XP level 2. HP: 22/22 MP: 5/5
   543 | D:1      | Found a faded altar of an unknown god.
   587 | D:1      | Reached XP level 3. HP: 28/28 MP: 6/6
   591 | D:1      | Learned a level 3 spell: Frozen Ramparts
  1398 | D:2      | Reached XP level 4. HP: 35/36 MP: 3/7
  1402 | D:2      | Learned a level 3 spell: Ozocubu's Armour
  2104 | D:3      | Reached skill level 5 in Ice Magic
  2200 | D:3      | Noticed Ijyb
  2207 | D:3      | Killed from afar by Ijyb

Illustrated notes

Levels and vault maps discovered:
D:1:      dpeg_arrival_leaves_temple_mockup, layout_basic,
          shapermc_ecumenical_altar_acropolis, serial_forest,
          infiniplex_forest_lined_3, infiniplex_forest_end_1,
          infiniplex_forest_straight_2, infiniplex_forest_straight_4,
          infiniplex_forest_clump_small, infiniplex_forest_end_3,
          infiniplex_forest_clump_large, minmay_strange_pillars
D:2:      layout_rooms, kennysheep_small_spiral
D:3:      layout_basic, hellmonk_no_cap, uniq_ijyb, uniq_crazy_yiuf_cottage

Skill      XL: |  1  2  3  4 |
---------------+-------------+-----
Stealth        | 4 |  4.3
Ice Magic      | 5 |  5.0
Dodging        | |  1.5
Spellcasting   | |  2.7

Action                     |  1- 3 |  4- 6 || total
---------------------------+-------+-------++-------
  Melee: Spear             |    78 |    41 ||   119
  Throw: Stone             |     4 |       ||     4
   Cast: Freeze            |    13 |     6 ||    19
         Frozen Ramparts   |     2 |       ||     2
Ability: Spit Poison       |    30 |     9 ||    39
   Stab: Sleeping          |     1 |     1 ||     2
 Armour: Ring mail         |    61 |    28 ||    89
  Dodge: Dodged            |    36 |    18 ||    54

Table legend: (Time is in decaauts)
 A = Elapsed time spent in this place.
 B = Non-inter-level travel time spent in this place.
 C = Inter-level travel time spent in this place.
 D = Time resting spent in this place.
 E = Time spent auto-exploring this place.
 F = Levels seen in this place.
 G = Mean time per level.
                   A        B        C        D        E       F      G
               +--------+--------+--------+--------+--------+-----+--------+
         Total |   2799 |   2755 |     44 |    283 |   1865 |   3 |  933.0 |
       Dungeon |   2799 |   2755 |     44 |    283 |   1865 |   3 |  933.0 |
               +--------+--------+--------+--------+--------+-----+--------+

Top non-repeatable levels by time:
     D:1: 1462 daAuts
     D:2: 887 daAuts
     D:3: 448 daAuts
